 Dungeon Crawl Stone Soup version 0.30.2 (webtiles) character file.

Game seed: 1233288964856677354

61 Ashen the Chiller (level 4, -8/41 HPs)
             Began as an Ogre Ice Elementalist on Jan 19, 2024.
             Mangled by an orc
             ... wielding a +0 morningstar
              (11 damage)
             ... on level 3 of the Dungeon.
             The game lasted 00:03:10 (2206 turns).

Ashen the Chiller (Ogre Ice Elementalist)           Turns: 2206, Time: 00:03:10

Health: -8/41      AC:  3    Str: 12    XL:     4   Next: 7%
Magic:  9/9        EV: 10    Int: 24    God:
Gold:   60         SH:  0    Dex:  9    Spells: 2/9 levels left

rFire   . . .        e - +0 mace
rCold   . . .        (no shield)
rNeg    . . .        a - +0 robe
rPois   .            (helmet restricted)
rElec   .            (no cloak)
rCorr   .            (gloves unavailable)
SInv    .            (boots unavailable)
Will    .....        (no amulet)
Stlth   ++           j - +6 ring of intelligence
HPRegen 0.26/turn    (no ring)
MPRegen 0.11/turn

%: no passive effects
@: mighty, lethally poisoned (-8 -> -20)
A: large, unfitting armour, tough skin 1
a: no special abilities


You were on level 3 of the Dungeon.
You visited 1 branch of the dungeon, and saw 3 of its levels.

You collected 60 gold pieces.

Inventory:

Hand Weapons
 e - a +0 mace (weapon)
Armour
 a - a +0 robe (worn)
Jewellery
 j - a +6 ring of intelligence (left hand)
Scrolls
 c - a scroll of butterflies {unknown}
 d - a scroll of fog {unknown}
 f - a scroll of enchant armour {unknown}
 g - 2 scrolls of blinking {unknown}
 l - a scroll of identify {unknown}
 m - a scroll of vulnerability {unknown}
Potions
 b - a potion of magic
 i - a potion of attraction {unknown}
 k - a potion of berserk rage {unknown}


   Skills:
 + Level 1.2 Fighting
 + Level 0.2 Maces & Flails
 + Level 2.0 Dodging
 + Level 1.7 Stealth
 * Level 3.3 Spellcasting
 * Level 4.1 Ice Magic


You had 2 spell levels left.
You knew the following spells:

 Your Spells              Type           Power      Damage    Failure   Level
a - Freeze                Ice            92%        1d9       1%          1
b - Frozen Ramparts       Ice            46%        1d7       6%          3
c - Ozocubu's Armour      Ice            23%        N/A       6%          3

Your spell library contained the following spells:

 Spells                   Type           Power      Damage    Failure   Level
 Summon Ice Beast         Ice/Summ       13%        N/A       41%         4


Dungeon Overview and Level Annotations

Branches:
Dungeon (3/15)

Altars:

Shops:
D:2 [(


Innate Abilities, Weirdness & Mutations

You are too large for most types of armour.
You have tough skin. (AC +1)


Message History

You kill the frilled lizard!
No target in view!
No target in view!
Found a leather armour.
You see here a +0 leather armour.
Found 6 stones.
A kobold comes into view. It is wielding a +0 whip.
Found 13 gold pieces.
A kobold is nearby!
The kobold throws a stone.
The stone closely misses you. The kobold hits you with a +0 whip.
You thump the kobold!
You kill the kobold!
No target in view!
An orc comes into view. It is wielding a +0 morningstar.
You see here 13 gold pieces.
An orc is nearby!
The orc shouts!
You hear an angry hiss.
A scorpion comes into view.
An adder comes into view.
You closely miss the orc.
The orc hits you with a +0 morningstar. x2
You barely miss the scorpion. The scorpion stings you.
You are poisoned.
The scorpion poisons you! The orc barely misses you.
You closely miss the scorpion.
You feel very sick. The scorpion stings you. The orc misses you.
The scorpion stings you but does no damage.
You barely miss the scorpion.
You feel sick. The orc hits you with a +0 morningstar! The scorpion stings you.
* * * LOW HITPOINT WARNING * * *
You are lethally poisoned!
The scorpion poisons you! The orc barely misses you. The scorpion stings you.
* * * LOW HITPOINT WARNING * * *
It was a potion of might.
You feel very mighty all of a sudden.
* * * LOW HITPOINT WARNING * * *
You feel very sick. The orc hits you with a +0 morningstar!
You die...

............#
#.#
..♣♣..#.###.#
#.# ♣..#.#
#.###.##
♣....#
#.[.....
♣....#
#####...
♣....# ####
♣..###
#..♣♣♣♣♣♣♣.)#
#....So@..$.#
#.....s.....#
...........##
############


You could see a scorpion, an adder and an orc.

Vanquished Creatures
  4 orcs (D:3)
  6 ball pythons
  5 endoplasms
  A giant cockroach (D:1)
  2 goblins (D:1)
  8 hobgoblins
  4 jackals (D:2)
  3 quokkas
  5 bats (D:1)
  4 frilled lizards
  6 kobolds
  3 rats
51 creatures vanquished.

Notes
Turn   | Place    | Note
-------+----------+-------------------------------------------
     0 | D:1      | Ashen the Ogre Ice Elementalist began the quest for the
                  | Orb.
     0 | D:1      | Reached XP level 1. HP: 16/16 MP: 3/3
   304 | D:1      | Reached XP level 2. HP: 26/26 MP: 3/5
   527 | D:1      | Reached XP level 3. HP: 32/32 MP: 4/7
   838 | D:1      | Reached skill level 1 in Fighting
  1200 | D:2      | Found Nyvifuw's Antique Weapon Shop.
  1279 | D:2      | Reached skill level 4 in Ice Magic
  1378 | D:2      | Found Qemm's Armour Shop.
  2030 | D:3      | Reached XP level 4. HP: 36/41 MP: 0/8
  2036 | D:3      | Learned a level 3 spell: Frozen Ramparts
  2040 | D:3      | Learned a level 3 spell: Ozocubu's Armour
  2199 | D:3      | Noticed a scorpion
  2206 | D:3      | Mangled by an orc

Illustrated notes

Levels and vault maps discovered:
D:1:      heliophobic_arrival_henge, layout_loops_ring, minmay_heptomino_h4
D:2:      layout_loops_corners, serial_shops, nicolae_shop_waterfront,
          shop_statue, small_statue_intersection
D:3:      layout_loops_ring, mainiacjoe_overflow_chevrons,
          nicolae_elyvilon_peaceful_grove, dk_yredelemnul_ordeal

Skill      XL: |  1  2  3 |
---------------+----------+-----
Spellcasting   | 3 |  3.3
Dodging        | 2 |  2.0
Fighting       | 1 |  1.2
Ice Magic      | 4 |  4.1
Maces & Flails | |  0.2
Stealth        | |  1.7

Action                     |  1- 3 |  4- 6 || total
---------------------------+-------+-------++-------
  Melee: Unarmed           |    17 |       ||    17
         Club              |    15 |       ||    15
         Mace              |    32 |    14 ||    46
   Cast: Freeze            |    43 |       ||    43
    Use: Potion            |       |     1 ||     1
   Stab: Sleeping          |     3 |       ||     3
 Armour: Robe              |    25 |     3 ||    28
  Dodge: Dodged            |    47 |     9 ||    56
